[ AOE2 MATCH · #506037559 ]
UnrankedSlavs vs Vietnamese
Player's team · LOSS
Rival team · WIN
[ REPLAY ANALYSIS · EXTRACTED FROM THE RECORDED GAME ]
Feudal
10:11
Castle
30:11
Imperial
51:53
| APM avg | 27.1 |
| APM peak | 56 |
| eAPM avg | 13.1 |
| Villagers / military | 125 / 108 |
Focus
⚔️ 31.7% · 🌾 68.3%
Archer ×40 · Boyar ×24 · Skirmisher ×16 · Militia ×9 · Mangonel ×6 · Spearman ×6
Feudal
10:16
Castle
25:26
Imperial
39:43
| APM avg | 64.3 |
| APM peak | 131 |
| eAPM avg | 29.2 |
| Villagers / military | 148 / 195 |
Focus
⚔️ 32.7% · 🌾 67.3%
Fire Lancer ×83 · Skirmisher ×64 · Spearman ×16 · Archer ×9 · Cavalry Archer ×7 · Monk ×4
Match map
Initial resources + every placement click. Lines = walls · curves = elevation contours. ◆ gold · ⬟ stone · ● berries · ✦ relic · ◌ wall gap
Your base· Open — unwalled flank
涅槃重生's base· Open — 6t gap
Smoothed initial terrain · ◌ = detected wall gap · hover for details
Inputs per minute
— Kinait - - 涅槃重生
Build order — Kinait
First 150 of 350 actions detected
| 0:01 | Queue | Villager (Male) |
| 0:01 | Queue | Villager (Male) |
| 0:01 | Queue | Villager (Male) |
| 0:02 | Build | House |
| 0:05 | Build | House |
| 0:12 | Queue | Villager (Male) |
| 0:12 | Queue | Villager (Male) |
| 1:26 | Queue | Villager (Male) |
| 1:26 | Queue | Villager (Male) |
| 2:03 | Queue | Villager (Male) |
| 2:04 | Queue | Villager (Male) |
| 2:16 | Queue | Villager (Male) |
| 2:17 | Queue | Villager (Male) |
| 2:45 | Queue | Villager (Male) |
| 2:46 | Queue | Villager (Male) |
| 3:14 | Queue | Villager (Male) |
| 3:40 | Queue | Villager (Male) |
| 3:58 | Queue | Villager (Male) |
| 4:07 | Build | Lumber Camp |
| 4:08 | Build | House |
| 4:35 | Queue | Villager (Male) |
| 4:40 | Build | Mill |
| 4:52 | Queue | Villager (Male) |
| 4:55 | Queue | Villager (Male) |
| 5:39 | Queue | Villager (Male) |
| 5:54 | Queue | Villager (Male) |
| 6:05 | Queue | Villager (Male) |
| 6:50 | Research | Loom |
| 8:01 | Research | Feudal Age |
| 8:04 | Build | House |
| 8:11 | Build | Barracks |
| 9:01 | Build | Mining Camp |
| 9:09 | Queue | Militia |
| 9:09 | Queue | Militia |
| 9:50 | Queue | Militia |
| 9:50 | Queue | Militia |
| 10:11 | Age | Feudal Age |
| 10:13 | Queue | Militia |
| 10:22 | Queue | Villager (Male) |
| 10:32 | Queue | Militia |
| 10:42 | Queue | Villager (Male) |
| 10:54 | Build | Mining Camp |
| 11:04 | Build | Watch Tower |
| 11:07 | Queue | Villager (Male) |
| 11:16 | Queue | Militia |
| 11:35 | Queue | Villager (Male) |
| 11:48 | Build | House |
| 12:03 | Build | House |
| 12:12 | Queue | Villager (Male) |
| 12:23 | Queue | Militia |
| 12:36 | Queue | Villager (Male) |
| 12:59 | Build | Watch Tower |
| 13:12 | Queue | Villager (Male) |
| 13:27 | Queue | Villager (Male) |
| 13:34 | Build | Archery Range |
| 13:53 | Build | Mill |
| 13:55 | Queue | Villager (Male) |
| 14:05 | Build | Watch Tower |
| 14:11 | Queue | Villager (Male) |
| 14:14 | Queue | Skirmisher |
| 14:14 | Queue | Skirmisher |
| 14:24 | Queue | Villager (Male) |
| 14:56 | Queue | Skirmisher |
| 15:02 | Queue | Villager (Male) |
| 15:26 | Queue | Villager (Male) |
| 15:35 | Queue | Skirmisher |
| 15:38 | Queue | Villager (Male) |
| 15:51 | Queue | Militia |
| 15:55 | Queue | Archer |
| 15:58 | Queue | Villager (Male) |
| 16:24 | Queue | Archer |
| 16:41 | Research | Man-at-Arms (upgrade) |
| 17:01 | Queue | Villager (Male) |
| 17:04 | Build | Farm |
| 17:19 | Build | Lumber Camp |
| 17:37 | Queue | Villager (Male) |
| 17:46 | Build | Mill |
| 17:53 | Queue | Villager (Male) |
| 18:07 | Queue | Archer |
| 18:14 | Build | House |
| 18:25 | Queue | Villager (Male) |
| 18:29 | Build | Farm |
| 18:47 | Build | Farm |
| 18:51 | Queue | Archer |
| 19:00 | Queue | Villager (Male) |
| 19:02 | Build | Farm |
| 19:35 | Queue | Villager (Male) |
| 19:37 | Queue | Archer |
| 19:41 | Build | Archery Range |
| 19:44 | Build | House |
| 20:05 | Queue | Villager (Male) |
| 20:07 | Build | Farm |
| 20:13 | Queue | Archer |
| 20:31 | Build | Watch Tower |
| 20:33 | Queue | Villager (Male) |
| 20:38 | Build | Farm |
| 20:39 | Build | Farm |
| 20:41 | Build | Farm |
| 20:42 | Queue | Villager (Male) |
| 20:44 | Queue | Archer |
| 20:52 | Build | Watch Tower |
| 21:05 | Build | Farm |
| 21:08 | Build | House |
| 21:08 | Queue | Villager (Male) |
| 21:14 | Build | Farm |
| 21:21 | Queue | Archer |
| 21:22 | Queue | Archer |
| 21:37 | Queue | Archer |
| 21:38 | Queue | Archer |
| 21:40 | Build | House |
| 22:06 | Queue | Spearman |
| 22:07 | Queue | Spearman |
| 22:13 | Build | House |
| 22:20 | Build | Blacksmith |
| 22:43 | Queue | Villager (Male) |
| 22:46 | Queue | Spearman |
| 22:53 | Build | Palisade Wall |
| 22:58 | Research | Fletching |
| 23:00 | Build | Palisade Wall |
| 23:17 | Build | Watch Tower |
| 23:19 | Queue | Villager (Male) |
| 23:23 | Build | House |
| 23:26 | Build | Palisade Wall |
| 23:27 | Build | Palisade Wall |
| 23:34 | Queue | Spearman |
| 23:55 | Queue | Villager (Male) |
| 24:11 | Queue | Villager (Male) |
| 24:34 | Queue | Villager (Male) |
| 24:40 | Queue | Villager (Male) |
| 24:41 | Queue | Archer |
| 24:42 | Queue | Archer |
| 24:52 | Build | Farm |
| 24:55 | Build | Farm |
| 24:59 | Build | Palisade Wall |
| 25:01 | Build | Farm |
| 25:22 | Queue | Villager (Male) |
| 25:24 | Queue | Archer |
| 25:25 | Queue | Archer |
| 25:43 | Build | Market |
| 25:48 | Queue | Villager (Male) |
| 26:36 | Build | Farm |
| 26:38 | Build | Farm |
| 26:44 | Queue | Spearman |
| 26:48 | Build | Palisade Wall |
| 26:50 | Build | Palisade Wall |
| 26:52 | Build | Palisade Wall |
| 26:54 | Build | Palisade Wall |
| 27:01 | Build | House |
| 27:31 | Research | Castle Age |
| 28:11 | Research | Double-Bit Axe |
Build order — 涅槃重生
First 150 of 426 actions detected
| 0:01 | Queue | Villager (Male) |
| 0:01 | Queue | Villager (Male) |
| 0:03 | Build | House |
| 0:05 | Build | House |
| 0:24 | Queue | Villager (Male) |
| 0:24 | Queue | Villager (Male) |
| 0:24 | Queue | Villager (Male) |
| 1:32 | Queue | Villager (Male) |
| 1:32 | Queue | Villager (Male) |
| 2:02 | Queue | Villager (Male) |
| 2:03 | Queue | Villager (Male) |
| 2:03 | Queue | Villager (Male) |
| 2:28 | Queue | Villager (Male) |
| 2:28 | Queue | Villager (Male) |
| 2:28 | Queue | Villager (Male) |
| 2:40 | Build | Lumber Camp |
| 2:55 | Queue | Villager (Male) |
| 3:34 | Queue | Villager (Male) |
| 3:35 | Queue | Villager (Male) |
| 3:43 | Build | House |
| 3:56 | Queue | Villager (Male) |
| 3:56 | Queue | Villager (Male) |
| 3:56 | Queue | Villager (Male) |
| 4:45 | Queue | Villager (Male) |
| 4:45 | Queue | Villager (Male) |
| 4:45 | Queue | Villager (Male) |
| 4:45 | Queue | Villager (Male) |
| 5:15 | Build | Mining Camp |
| 5:35 | Queue | Villager (Male) |
| 5:35 | Queue | Villager (Male) |
| 5:35 | Queue | Villager (Male) |
| 6:49 | Queue | Villager (Male) |
| 6:49 | Queue | Villager (Male) |
| 7:16 | Queue | Villager (Male) |
| 7:38 | Research | Loom |
| 7:59 | Research | Feudal Age |
| 7:59 | Research | Feudal Age |
| 8:36 | Build | Palisade Wall |
| 8:42 | Build | Barracks |
| 8:46 | Build | Palisade Wall |
| 9:37 | Build | Palisade Wall |
| 9:38 | Build | Palisade Wall |
| 9:39 | Build | Palisade Wall |
| 9:40 | Build | Palisade Wall |
| 9:47 | Build | Palisade Wall |
| 10:08 | Build | House |
| 10:11 | Build | House |
| 10:16 | Age | Feudal Age |
| 10:20 | Build | Archery Range |
| 10:31 | Queue | Villager (Male) |
| 10:31 | Queue | Villager (Male) |
| 10:31 | Queue | Villager (Male) |
| 10:31 | Queue | Villager (Male) |
| 10:38 | Queue | Villager (Male) |
| 10:45 | Build | Mill |
| 10:58 | Queue | Archer |
| 10:58 | Queue | Archer |
| 10:58 | Queue | Archer |
| 11:15 | Research | Double-Bit Axe |
| 11:16 | Research | Double-Bit Axe |
| 11:35 | Build | House |
| 11:44 | Queue | Archer |
| 11:44 | Queue | Archer |
| 12:00 | Build | Watch Tower |
| 12:14 | Build | Blacksmith |
| 12:17 | Queue | Villager (Male) |
| 12:43 | Queue | Archer |
| 13:04 | Research | Fletching |
| 13:04 | Research | Fletching |
| 13:30 | Queue | Villager (Male) |
| 13:35 | Build | House |
| 13:36 | Build | Mining Camp |
| 13:58 | Queue | Archer |
| 14:09 | Build | House |
| 14:50 | Build | Farm |
| 14:52 | Queue | Villager (Male) |
| 15:05 | Build | Farm |
| 15:05 | Build | Farm |
| 15:31 | Queue | Villager (Male) |
| 15:34 | Build | Farm |
| 15:35 | Queue | Villager (Male) |
| 15:42 | Queue | Villager (Male) |
| 15:57 | Queue | Archer |
| 15:58 | Queue | Archer |
| 16:04 | Build | Farm |
| 16:17 | Queue | Villager (Male) |
| 16:27 | Build | Stable |
| 16:32 | Queue | Villager (Male) |
| 16:43 | Queue | Villager (Male) |
| 16:57 | Build | Watch Tower |
| 17:03 | Queue | Villager (Male) |
| 17:21 | Queue | Villager (Male) |
| 17:21 | Queue | Villager (Male) |
| 17:21 | Queue | Villager (Male) |
| 17:40 | Queue | Villager (Male) |
| 18:04 | Build | Farm |
| 18:05 | Build | Farm |
| 18:06 | Build | Farm |
| 18:06 | Build | Farm |
| 18:10 | Build | Farm |
| 18:15 | Build | Farm |
| 18:36 | Build | Farm |
| 18:46 | Build | Farm |
| 19:00 | Queue | Scout Cavalry |
| 19:00 | Queue | Scout Cavalry |
| 19:05 | Build | House |
| 19:06 | Build | House |
| 19:12 | Research | Wheelbarrow |
| 19:12 | Research | Wheelbarrow |
| 19:38 | Queue | Scout Cavalry |
| 19:41 | Build | House |
| 19:44 | Queue | Villager (Male) |
| 19:46 | Build | Farm |
| 19:47 | Build | Farm |
| 20:06 | Queue | Villager (Male) |
| 20:27 | Queue | Scout Cavalry |
| 20:32 | Build | Farm |
| 20:36 | Queue | Villager (Male) |
| 20:55 | Research | Padded Archer Armor |
| 20:55 | Research | Padded Archer Armor |
| 21:30 | Build | Farm |
| 21:32 | Build | Farm |
| 21:34 | Build | Farm |
| 21:41 | Build | Market |
| 21:49 | Queue | Villager (Male) |
| 22:17 | Queue | Villager (Male) |
| 22:46 | Research | Castle Age |
| 22:53 | Build | Archery Range |
| 23:33 | Build | Watch Tower |
| 23:52 | Research | Bloodlines |
| 23:52 | Research | Bloodlines |
| 24:27 | Research | Gold Mining |
| 24:27 | Research | Gold Mining |
| 24:49 | Research | Scale Barding Armor |
| 25:08 | Build | Farm |
| 25:09 | Build | Farm |
| 25:26 | Age | Castle Age |
| 25:33 | Build | Siege Workshop |
| 25:36 | Research | Bodkin Arrow |
| 25:36 | Research | Bodkin Arrow |
| 25:43 | Queue | Villager (Male) |
| 25:43 | Queue | Villager (Male) |
| 25:56 | Research | Stone Mining |
| 26:10 | Queue | Mangonel |
| 26:33 | Queue | Villager (Male) |
| 26:33 | Queue | Villager (Male) |
| 27:45 | Queue | Villager (Male) |
| 27:48 | Queue | Cavalry Archer |
| 27:48 | Queue | Cavalry Archer |
| 27:48 | Queue | Cavalry Archer |
Match timeline
| 8:11 | Kinait · first_building Barracks |
| 8:36 | 涅槃重生 · wall_segment Palisade Wall x7 |
| 8:42 | 涅槃重生 · first_building Barracks |
| 8:46 | 涅槃重生 · wall_segment Palisade Wall x6 |
| 9:37 | 涅槃重生 · wall_segment Palisade Wall x1 |
| 9:38 | 涅槃重生 · wall_segment Palisade Wall x1 |
| 9:39 | 涅槃重生 · wall_segment Palisade Wall x1 |
| 9:40 | 涅槃重生 · wall_segment Palisade Wall x1 |
| 9:47 | 涅槃重生 · wall_segment Palisade Wall x1 |
| 10:11 | Kinait · age_up feudal |
| 10:16 | 涅槃重生 · age_up feudal |
| 10:20 | 涅槃重生 · first_building Archery Range |
| 13:34 | Kinait · first_building Archery Range |
| 16:27 | 涅槃重生 · first_building Stable |
| 22:43 | 涅槃重生 · first_market_buy 100 food |
| 22:53 | Kinait · wall_segment Palisade Wall x5 |
| 23:00 | Kinait · wall_segment Palisade Wall x4 |
| 23:26 | Kinait · wall_segment Palisade Wall x1 |
| 23:27 | Kinait · wall_segment Palisade Wall x1 |
| 24:59 | Kinait · wall_segment Palisade Wall x5 |
| 25:26 | 涅槃重生 · age_up castle |
| 25:33 | 涅槃重生 · first_building Siege Workshop |
| 26:48 | Kinait · wall_segment Palisade Wall x1 |
| 26:50 | Kinait · wall_segment Palisade Wall x1 |
| 26:52 | Kinait · wall_segment Palisade Wall x1 |
| 26:54 | Kinait · wall_segment Palisade Wall x1 |
| 29:52 | Kinait · wall_segment Palisade Wall x13 |
| 30:11 | Kinait · age_up castle |
| 30:27 | Kinait · first_building Castle |
| 30:36 | Kinait · first_building Monastery |
| 31:09 | 涅槃重生 · first_building Monastery |
| 31:29 | Kinait · first_building Siege Workshop |
| 34:03 | Kinait · first_market_buy 100 wood |
| 34:07 | Kinait · first_market_sell 100 food |
| 34:45 | 涅槃重生 · first_building Castle |
| 35:23 | 涅槃重生 · wall_segment Stone Wall x1 |
| 35:26 | 涅槃重生 · wall_segment Stone Wall x1 |
| 36:28 | 涅槃重生 · first_market_sell 100 food |
| 39:09 | Kinait · first_building Stable |
| 39:43 | 涅槃重生 · age_up imperial |
| 51:53 | Kinait · age_up imperial |
| 55:41 | Kinait · resign |
[ AI ANALYSIS · 1 CREDIT ]
What really happened in this match?
Wolo.gg analyzes every decision: build order, eco, micro, common mistakes by bracket. Personalized analysis on WhatsApp or Discord in 30 seconds.
Civ guide
Slavs
Perfil
Jugador #87898